Match 41430947
Unlisted
Match 41430947
End
Selects Australian Defense Battlegroup
Selects Australian Light Infantry Section
Australian Light Infantry Section
Royal Engineer Section
Construct Section Command Post
Dingo Light Scout Car
Infantry Section
Selects 2-pounder Anti-tank Gun Team
2-pounder Anti-tank Gun Team
Australian Light Infantry Section
Construct Platoon Command Post
2-pounder Anti-tank Gun Team
Infantry Training
Construct Company Command Post
Selects CMP 15cwt Supply Run
Selects Artillery Trip Wire Flares
Crusader II Medium Tank
Foot Guards Section
Crusader II Medium Tank
Crusader II Medium Tank
Selects Archer Tank Destroyer
Archer Tank Destroyer
Archer Tank Destroyer
Armored Vehicle Training
Selects Vehicle Over Repair
sw
Auxiliary Priest
Wywtigerking
4-in-1 Petrol lawnmower
0
0
Comments sign in to comment!
No comments posted yet!